Unix NetHack Version 5.0.0-0 post-release - last build May  4 2026 22:22:43 (774f63e81ad911689b3a0859ea89b322d5daca8d,branch:main).

Game began 2026-05-05 20:02:23, ended 2026-05-07 17:16:46.

Hekik, neutral male human Barbarian

                                     ------
                         --------   0..<..|
               -----     |......|   #|.....#                         -----
     .|       #.._@@#####.......|   #|....|#                         |...|
     ..#     ##|{@@|     |.......####..`..|##                       #-^..|
     .|#     ##|)!%.#    ------.-  # |....-####                  #%##|...|
       #     ##-----#         ##   # ------ ######              ##   -----
       #     ##     #         #    #           # #              #
       #     ##     ##        #    #           # ############   #
       #     #       ##       #    #           ## --------  #   #
       #     #        ##      #    #            ##|......|  #####
       #    ##         #      #    #             #|......|    ### ----------
    ####    ##         #------|---##          ####.......|##### ##|........|
    #-------##         #|........|#         ###   |.......########|........|
    #|)....|#          #.....))).|#       ###     --------       #(........|
    #|>....-##          |.........####00###                      #|...$....|
    #-.....|            |....^...|                               #.........|
     -------            ----------                                |........|
                                                                  ----------

Hekik the Brigand          St:18/01 Dx:17 Co:19 In:8 Wi:10 Ch:6  Neutral
Dlvl:12 $:94 HP:0(145) Pw:37(37) AC:2  Xp:13/40814 T:17138 

Latest messages:
 You drop an elven dagger.
 What do you want to use or apply? [eflt-vyKPRWYZ or ?*]
 What do you want to stash? [$abdehlrt-yEGJ-MOPRWYZ or ?*]
 You put an uncursed scroll labeled DUAM XNAHT into the bag called seems like bag of holding.
 There are several objects here.
 What do you want to use or apply? [eflt-vyKPRWYZ or ?*]
 Nothing happens.
 You stop searching.
 You smite the water nymph!
 The beautiful water nymph seduces you and you start taking off your helm.
 The water nymph pretends to be friendly.
 You can move again.
 The water nymph steals an uncursed thoroughly rusty +0 dwarvish iron helm!
 The water nymph vanishes!
 You stop searching.
 The elf-lord picks up a mummy wrapping.
 The elf-lord picks up an orcish helm.
 The elf-lord picks up a small glob of gray ooze.
 The elf-lord swings his elven broadsword.
 The elf-lord hits!
 The elf-lord swings his elven broadsword.
 The elf-lord hits again!
 You smite the elf-lord!
 The elf-lord swings his elven broadsword.
 The elf-lord hits!
 The elf-lord swings his elven broadsword.
 The elf-lord hits again!
 The elf-lord swings his elven broadsword.
 The elf-lord hits!
 The elf-lord swings his elven broadsword.
 The elf-lord hits again!
 The elf-lord swings his elven broadsword.
 The elf-lord hits!
 The elf-lord swings his elven broadsword.
 The elf-lord hits again!
 You smite the elf-lord!
 The elf-lord swings his elven broadsword.
 The elf-lord hits!
 The elf-lord swings his elven broadsword.
 The elf-lord hits again!
 The elf-lord swings his elven broadsword.
 The elf-lord hits!
 The elf-lord swings his elven broadsword.
 The elf-lord hits again!
 You die...
 Do you want your possessions identified? [ynq] (y)
 Do you want to see your attributes? [ynq] (y)
 Do you want an account of creatures vanquished? [ynaq] (y)
 Do you want to see your conduct and achievements? [ynq] (y)
 Do you want to see the dungeon overview? [ynq] (y)

Inventory:
 Coins    ('$')
  $ - 94 gold pieces
 Amulets  ('"')
  w - an uncursed amulet of reflection (being worn)
 Weapons  (')')
  a - an uncursed thoroughly rusty corroded +0 two-handed sword (weapon in hands)
 Armor    ('[')
  h - an uncursed +0 pair of leather gloves (being worn)
  d - an uncursed +0 pair of elven boots (being worn)
  b - an uncursed +0 oilskin cloak (being worn)
  x - an uncursed +0 elven mithril-coat (being worn)
 Comestibles  ('%')
  G - an uncursed lizard corpse
 Rings    ('=')
  L - a blessed +1 ring of gain constitution (on left hand)
  M - an uncursed ring of protection from shape changers
  O - an uncursed ring of see invisible (on right hand)
  r - an uncursed ring of slow digestion
 Wands    ('/')
  u - an uncursed wand of create monster (0:1)
  v - an uncursed wand of digging (0:3)
  Y - an uncursed wand of fire (0:1)
  t - an uncursed wand of speed monster (0:1)
  W - an uncursed wand of striking (0:0)
  P - an uncursed wand of teleportation (0:1)
 Tools    ('(')
  f - an uncursed bag of holding containing 62 items
  Z - an uncursed blindfold
  y - an uncursed magic whistle
  K - an uncursed oil lamp
  l - an uncursed skeleton key
  R - an uncursed +0 unicorn horn
 Gems/Stones  ('*')
  e - an uncursed luckstone

Contents of the bag of holding:
  4681 gold pieces
  an uncursed amulet of flying
  a cursed amulet of reflection
  a cursed amulet of strangulation
  a cursed amulet versus poison
  an uncursed very burnt +0 pair of gauntlets of dexterity
  a cursed burnt +0 cloak of magic resistance
  a blessed +1 dwarvish cloak
  an uncursed food ration
  2 uncursed oranges
  a cursed scroll of amnesia
  an uncursed scroll of charging
  2 uncursed scrolls of confuse monster
  2 cursed scrolls of confuse monster
  a blessed scroll of create monster
  2 cursed scrolls of create monster
  a blessed scroll of earth
  2 uncursed scrolls of earth
  an uncursed scroll of enchant armor
  4 uncursed scrolls of enchant weapon
  a cursed scroll of fire
  an uncursed scroll of food detection
  a cursed scroll of food detection
  an uncursed scroll of gold detection
  3 uncursed scrolls of light
  a cursed scroll of magic mapping
  an uncursed scroll of punishment
  an uncursed scroll of remove curse
  2 cursed scrolls of remove curse
  an uncursed scroll of taming
  2 uncursed scrolls of teleportation
  2 cursed scrolls of teleportation
  2 uncursed potions of fruit juice
  a cursed potion of full healing
  an uncursed potion of hallucination
  a cursed potion of invisibility
  2 uncursed potions of levitation
  a blessed potion of monster detection
  a blessed potion of object detection
  a potion of unholy water
  an uncursed +1 ring of adornment
  an uncursed ring of fire resistance
  a cursed ring of fire resistance
  an uncursed ring of invisibility
  a cursed ring of polymorph
  a cursed -1 ring of protection
  a cursed ring of searching
  an uncursed ring of stealth
  an uncursed ring of stealth
  a cursed ring of sustain ability
  a cursed ring of teleportation
  a cursed wand of digging (0:8)
  an uncursed wand of locking (0:3)
  an uncursed wand of make invisible (0:4)
  an uncursed wand of probing (0:4)
  an uncursed wand of speed monster (0:3)
  a cursed wand of undead turning (0:7)
  an uncursed oil lamp
  an uncursed +0 pick-axe
  a cursed towel
  an uncursed +0 unicorn horn
  an uncursed luckstone

Hekik the Barbarian's attributes:

Background:
 You were a Brigand, a level 13 male human Barbarian.
 You were neutral, on a mission for Crom
 who was opposed by Mitra (lawful) and Set (chaotic).
 You were right-handed.
 You were in the Dungeons of Doom, on level 12.
 You entered the dungeon 17138 turns ago.
 You had 40814 experience points, 39186 more were needed to attain level 14.

Basics:
 You had 0 out of 145 hit points.
 You had all 37 energy points (spell power).
 Your armor class was 2.
 Your wallet contained 94 zorkmids, and
 you had 4681 more stashed away in your pack.
 Autopickup was off.

Final Characteristics:
 Your strength was 18/01 (limit:18/100).
 Your dexterity was 17 (limit:18).
 Your constitution was 19 (base:18, innate limit:18).
 Your intelligence was 8 (limit:18).
 Your wisdom was 10 (limit:18).
 Your charisma was 6 (limit:18).

Final Status:
 You weren't hungry.
 You were unencumbered.
 You were wielding a two-handed sword.
 You had expert skill with two-handed sword.

Final Attributes:
 You were piously aligned.
 You were cold resistant.
 You were poison resistant.
 You saw invisible.
 You were telepathic.
 You were stealthy.
 You were guarded.
 You were fast.
 You had reflection.
 You were very lucky.
 You had extra luck.
 Bad luck did not time out for you.
 Good luck did not time out for you.
 You are dead.

Miscellaneous:
 You encountered 2 bones levels.
 Total elapsed playing time was 5 hours, 58 minutes and 45 seconds.

Major events:
 Turn
    1: Hekik the neutral male human Barbarian entered the dungeon
  824: entered the Gnomish Mines
  984: attained the rank of Pillager (level 3)
 2226: consulted the Oracle
 2849: attained the rank of Bandit (level 6)
 3175: reached Mine Town
 4108: entered Sokoban
 4438: completed 1st Sokoban level
 4717: completed 2nd Sokoban level
 7417: entered the Bigroom
 9591: attained the rank of Brigand (level 10)
12113: acquired the Mines' End luckstone
15929: entered Home 1, the Quest
17138: killed by an elf-lord

You didn't know any spells.

Skills:
 Fighting Skills
   bare handed combat [Basic]
   two weapon combat  [Unskilled]
   riding             [Unskilled]
 Weapon Skills
   dagger             [Unskilled]
   axe                [Basic]
   pick-axe           [Unskilled]
   short sword        [Unskilled]
   broadsword         [Unskilled]
   long sword         [Unskilled]
   two-handed sword   [Expert]
   saber              [Unskilled]
   club               [Unskilled]
   mace               [Unskilled]
   morning star       [Unskilled]
   flail              [Unskilled]
   hammer             [Unskilled]
   quarterstaff       [Unskilled]
   spear              [Unskilled]
   trident            [Unskilled]
   bow                [Unskilled]
 Spellcasting Skills
   attack spells      [Unskilled]
   escape spells      [Unskilled]

Voluntary challenges:
 Character rerolling was not enabled.
 You never genocided any monsters.
 You never changed form.
 You used no wishes.
 You did not violate any of the special Sokoban rules.
Achievements:
 You entered the Gnomish Mines.
 You attained the rank of Pillager.
 You entered a shop.
 You consulted the Oracle of Delphi.
 You attained the rank of Bandit.
 You entered Minetown.
 You entered a temple.
 You entered Sokoban.
 You entered the Big Room.
 You attained the rank of Brigand.
 You completed the Gnomish Mines.

 The Dungeons of Doom: levels 1 to 13
    Level 1:
       A sink.
    Level 2:
       A fountain.
    Level 3:
       A fountain, a grave.
       Stairs down to The Gnomish Mines.
    Level 4:
    Level 5:
       A weapon shop, a grave.
    Level 6:
       Many fountains.
       Oracle of Delphi.
    Level 7:
       Stairs up to Sokoban, level 6.
    Level 8:
       A potion shop, a fountain.
    Level 9:
       Final resting place for
          ButtonHitter-Val-Hum-Fem-Neu, killed by an owlbear.
    Level 10:
       A fountain.
    Level 11:
       A very big room.
    Level 12: <- You were here.
       An altar to Crom, a fountain.
       Summoned by Pelias.
       Portal to The Quest.
       Final resting place for
          you, killed by an elf-lord.
    Level 13:
 The Gnomish Mines: levels 4 to 12
    Level 4:
    Level 5:
    Level 6:
       Many shops, a temple and an altar, some fountains, some trees.
    Level 7:
    Level 8:
    Level 9:
       A grave.
       Final resting place for
          wishstudio-Wiz-Elf-Fem-Cha, killed by a raven.
    Level 10:
    Level 11:
    Level 12:
 The Quest:
    Level 1:
       Many trees.
       Home.
 Sokoban: levels 6 up to 4
    Level 4:
       Unsolved.
    Level 5:
       Solved.
    Level 6:
       Solved.


Vanquished creatures:
  a stone golem
  2 ghosts
  a winged gargoyle
 an ogre tyrant
 an ice troll
  a flesh golem
 an elven monarch
  a large mimic
  2 wumpuses
  3 couatls
  3 stalkers
  a water elemental
  2 giant zombies
  7 wargs
  a winter wolf
  6 small mimics
  a glass piercer
  a xan
 an ogre leader
  3 trolls
  a sasquatch
  a wood golem
  a gelatinous cube
  a large dog
  3 flaming spheres
  a shocking sphere
  a large cat
  a tiger
  2 gargoyles
  2 dwarf rulers
  2 tengu
 an ochre jelly
  3 leocrottas
  2 energy vortices
  2 mountain centaurs
 an elf mummy
  a red naga
  a pit viper
  2 wraiths
  a carnivorous ape
  2 ettin zombies
  2 leather golems
  a Grey-elf
  a soldier
  4 amorous demons
  4 chameleons
  3 giant beetles
  4 quivering blobs
  4 cockatrices
  2 lynxes
  2 panthers
  2 gremlins
  a spotted jelly
  3 leprechauns
 an orc-captain
 an iron piercer
  a giant spider
  2 horses
  2 black lights
  a vampire bat
  a forest centaur
  3 gnome rulers
  2 orc mummies
  2 dwarf mummies
  4 ogres
  3 brown puddings
  2 rust monsters
  5 owlbears
  2 yetis
  a gold golem
  a werewolf
  7 Green-elves
  6 lizards
  2 chickatrices
  3 dogs
  3 jaguars
  2 dwarf leaders
  3 blue jellies
  2 white unicorns
  a black unicorn
  a dust vortex
  4 ravens
  2 plains centaurs
  a gnome mummy
  2 snakes
  7 human zombies
  a rope golem
  2 Woodland-elves
  3 soldier ants
 16 bugbears
  2 imps
  a quasit
  2 wood nymphs
  a mountain nymph
  2 Mordor orcs
  6 Uruk-hai
  3 orc shamans
  2 rock piercers
  5 rock moles
  2 ponies
  a fog cloud
  2 yellow lights
  a shrieker
  2 violet fungi
 25 gnome leaders
  4 gnomish wizards
  2 kobold mummies
  3 gray oozes
  a barrow wight
 an elf zombie
  2 ghouls
  a straw golem
  a paper golem
 10 giant ants
  a little dog
  8 floating eyes
  a kitten
 26 dwarves
  a homunculus
  3 kobold leaders
  4 kobold shamans
  3 hill orcs
  3 rothes
  a rabid rat
  a centipede
  4 giant bats
  a monkey
  3 orc zombies
  a dwarf zombie
  a wererat
  2 werejackals
  4 iguanas
 an acid blob
  2 coyotes
  3 gas spores
  8 hobbits
 20 hobgoblins
  9 giant rats
  2 cave spiders
  3 yellow molds
  a green mold
  a red mold
 72 gnomes
  4 garter snakes
  a gnome zombie
  9 geckos
 14 jackals
  a fox
  a kobold
  2 goblins
  a sewer rat
  8 grid bugs
  4 bats
  8 lichens
  a kobold zombie
  9 newts
542 creatures vanquished.

No species were genocided or became extinct.

Game over:
                       ----------
                      /          \
                     /    REST    \
                    /      IN      \
                   /     PEACE      \
                  /                  \
                  |      Hekik       |
                  |     4775 Au      |
                  |   killed by an   |
                  |     elf-lord     |
                  |                  |
                  |                  |
                  |       2026       |
                 *|     *  *  *      | *
        _________)/\\_//(\/(/\)/\//\/|_)_______

Goodbye Hekik the Barbarian...

You died in The Dungeons of Doom on dungeon level 12 with 61125 points,
and 4775 pieces of gold, after 17138 moves.
You were level 13 with a maximum of 145 hit points when you died.

